| TOP OF THE 1ST |
|
Billings Mustangs batting - Pitching for Bristol Pirates : LHP Adam Clarke
|
|
Pitching: LHP Adam Clarke
|
|
|
Batting: LHB Jeremy Robertson
|
0-0: Swinging Strike 0-1: Fly out, F4 (Popup, 4S, EV 68.8 MPH)
|
|
Batting: SHB David Garnica
|
0-0: Called Strike 0-1: Ball 1-1: Foul Ball, location: 2F 1-2: Ball 2-2: Foul Ball, location: 2F 2-2: Ball 3-2: Base on Balls
|
|
Batting: RHB Jake Savell
|
0-0: Ball Wild Pitch! David Garnica to second 1-0: Ball David Garnica steals 3rd base 2-0: Called Strike 2-1: Foul Ball, location: 2F 2-2: Foul Ball, location: 2F 2-2: Ball 3-2: Base on Balls
|
|
Batting: SHB Kristian Kristensen
|
0-0: Called Strike 0-1: SINGLE (Groundball, 34S, EV 83.8 MPH) (infield hit) David Garnica scores Jake Savell to second
|
|
Pinch Runner at 1st Andy Bachman:
|
|
|
Batting: RHB Sang-ton Pak
|
0-0: Ball 1-0: Foul Ball, location: 2F 1-1: Foul Ball, location: 2F 1-2: Ball 2-2: Foul Ball, location: 2F 2-2: Ball 3-2: Base on Balls Jake Savell to third Andy Bachman to second
|
|
Batting: LHB Brian Dickeson
|
0-0: Ball 1-0: Called Strike 1-1: Foul Ball, location: 2F 1-2: Strikes out looking
|
|
Batting: RHB Yutaka Sato
|
0-0: Ball 1-0: Foul Ball, location: 2F 1-1: Foul Ball, location: 2F 1-2: GRAND SLAM HOME RUN (Flyball, 7D, EV 103.8 MPH), Distance : 385 ft
|
|
Batting: LHB Armando Arellano
|
0-0: Called Strike 0-1: Ground out 4-3 (Groundball, 4, EV 106.9 MPH)
|
| Top of the 1st over - 5 runs, 2 hits, 0 errors, 0 left on base; Billings 5 - Bristol 0 |
| BOTTOM OF THE 1ST |
|
Bristol Pirates batting - Pitching for Billings Mustangs : RHP Markus Bevan
|
|
Pitching: RHP Markus Bevan
|
|
|
Batting: SHB Don Hauk
|
0-0: Ball 1-0: Swinging Strike 1-1: Swinging Strike 1-2: Foul Ball, location: 2F 1-2: Ball 2-2: Foul Ball, location: 2F 2-2: Strikes out swinging
|
|
Batting: LHB Randy Boone
|
0-0: SINGLE (Groundball, 23, EV 70.0 MPH) (infield hit)
|
|
Batting: RHB Randy Bergman
|
0-0: Called Strike 0-1: Ball 1-1: Ball 2-1: Called Strike 2-2: Grounds into double play, 6-4-3 (Groundball, 6, EV 89.4 MPH)
|
| Bottom of the 1st over - 0 runs, 1 hit, 0 errors, 0 left on base; Billings 5 - Bristol 0 |
| TOP OF THE 2ND |
|
Billings Mustangs batting - Pitching for Bristol Pirates : LHP Adam Clarke
|
|
Batting: SHB Gustavo Froio
|
0-0: Called Strike 0-1: SINGLE (Flyball, 3D, EV 93.1 MPH)
|
|
Batting: LHB Jeremy Robertson
|
0-0: Ball 1-0: Called Strike 1-1: Ball 2-1: Foul Ball, location: 2F 2-2: Foul Ball, location: 2F 2-2: Strikes out swinging Gustavo Froio steals 2nd base Batter strikes out.
|
|
Batting: SHB David Garnica
|
0-0: Ground out 6-3 (Groundball, 56, EV 90.0 MPH)
|
|
Batting: RHB Jake Savell
|
0-0: Ball 1-0: Ball 2-0: Ball 3-0: Called Strike 3-1: Fly out, F9 (Flyball, 9D, EV 96.9 MPH)
|
| Top of the 2nd over - 0 runs, 1 hit, 0 errors, 1 left on base; Billings 5 - Bristol 0 |
| BOTTOM OF THE 2ND |
|
Bristol Pirates batting - Pitching for Billings Mustangs : RHP Markus Bevan
|
|
Batting: RHB Gilberto Victoria
|
0-0: Ground out 6-3 (Groundball, 56, EV 100.0 MPH)
|
|
Batting: SHB Ronnie Brooks
|
0-0: Called Strike 0-1: Ball 1-1: Swinging Strike 1-2: Strikes out swinging
|
|
Batting: RHB Pete Hutton
|
0-0: Ball 1-0: Ball 2-0: Ball 3-0: Called Strike 3-1: Ground out 6-3 (Groundball, 6, EV 79.4 MPH)
|
| Bottom of the 2nd over - 0 runs, 0 hits, 0 errors, 0 left on base; Billings 5 - Bristol 0 |
| TOP OF THE 3RD |
|
Billings Mustangs batting - Pitching for Bristol Pirates : LHP Adam Clarke
|
|
Batting: RHB Andy Bachman
|
0-0: Ball 1-0: Ball 2-0: Ball 3-0: Called Strike 3-1: Base on Balls
|
|
Batting: RHB Sang-ton Pak
|
0-0: Foul Ball, location: 2F 0-1: Ball 1-1: Ball 2-1: Ball 3-1: Base on Balls Andy Bachman to second
|
|
Pitching: RHP Onne Stubbe
|
|
|
Batting: LHB Brian Dickeson
|
0-0: Ball 1-0: Ball 2-0: Ball 3-0: Called Strike 3-1: Base on Balls Andy Bachman to third Sang-ton Pak to second
|
|
Batting: RHB Yutaka Sato
|
0-0: Foul Ball, location: 2F 0-1: Swinging Strike 0-2: SINGLE (Line Drive, 8RS, EV 104.4 MPH) Andy Bachman scores Sang-ton Pak to third Brian Dickeson to second
|
|
Batting: LHB Armando Arellano
|
0-0: Ball 1-0: Ball 2-0: Called Strike 2-1: Called Strike 2-2: Ball 3-2: Foul Ball, location: 2F 3-2: Foul Ball, location: 2F 3-2: Base on Balls Sang-ton Pak scores Brian Dickeson to third Yutaka Sato to second
|
|
Batting: SHB Gustavo Froio
|
0-0: GRAND SLAM HOME RUN (Flyball, 7D, EV 100.0 MPH), Distance : 387 ft
|
|
Pitching: RHP Steve Terres
|
|
|
Batting: LHB Jeremy Robertson
|
0-0: SINGLE (Line Drive, 7S, EV 91.2 MPH)
|
|
Batting: SHB David Garnica
|
0-0: Fly out, F7 (Flyball, 7, EV 82.5 MPH)
|
|
Batting: RHB Jake Savell
|
0-0: Ball 1-0: Foul Ball, location: 2F 1-1: Swinging Strike 1-2: SINGLE (Groundball, 6MD, EV 101.2 MPH) Jeremy Robertson to second Runner from 2nd tries for 3rd, SAFE, throw by CF made to third
|
|
Batting: RHB Andy Bachman
|
0-0: Called Strike Balk! Jeremy Robertson scores Jake Savell to second 0-1: Called Strike 0-2: Ball 1-2: Ball 2-2: Ball 3-2: Base on Balls
|
|
Batting: RHB Sang-ton Pak
|
0-0: Ball 1-0: Ball 2-0: Called Strike 2-1: Swinging Strike 2-2: Foul Ball, location: 2F 2-2: Fly out, F9 (Line Drive, 9, EV 90.6 MPH)
|
|
Pitching: RHP Alain Marquet
|
|
|
Batting: LHB Brian Dickeson
|
0-0: Ball 1-0: Ball 2-0: Called Strike 2-1: Ball 3-1: Base on Balls Jake Savell to third Andy Bachman to second
|
|
Batting: RHB Yutaka Sato
|
0-0: Ball 1-0: Ball 2-0: Swinging Strike 2-1: Foul Ball, location: 2F 2-2: Strikes out looking
|
| Top of the 3rd over - 7 runs, 4 hits, 0 errors, 3 left on base; Billings 12 - Bristol 0 |
| BOTTOM OF THE 3RD |
|
Bristol Pirates batting - Pitching for Billings Mustangs : RHP Markus Bevan
|
|
Batting: RHB Frank Elizondo
|
0-0: Ball 1-0: Ball 2-0: DOUBLE (Flyball, 9LM, EV 98.1 MPH)
|
|
Batting: RHB Rob Colley
|
0-0: Called Strike 0-1: Ball 1-1: Ball 2-1: Foul Ball, location: 2F 2-2: Foul Ball, location: 2F 2-2: SINGLE (Groundball, 34D, EV 101.2 MPH) Frank Elizondo to third
|
|
Batting: RHB Andrew DeRicco
|
0-0: Called Strike 0-1: 3-RUN HOME RUN (Flyball, 7D, EV 96.2 MPH), Distance : 380 ft
|
|
Batting: SHB Don Hauk
|
0-0: Called Strike 0-1: Ball 1-1: SINGLE (Line Drive, 4M, EV 95.0 MPH)
|
|
Batting: LHB Randy Boone
|
0-0: Fly out, F7 (Flyball, 78M, EV 93.1 MPH)
|
|
Batting: RHB Randy Bergman
|
0-0: Ball 1-0: Ball 2-0: Ball 3-0: Base on Balls Don Hauk to second
|
|
Batting: RHB Gilberto Victoria
|
0-0: Ball 1-0: Ball 2-0: Ball 3-0: Called Strike 3-1: Foul Ball, location: 2F 3-2: Base on Balls Don Hauk to third Randy Bergman to second
|
|
Batting: SHB Ronnie Brooks
|
0-0: Foul Ball, location: 2F 0-1: Ball 1-1: Swinging Strike 1-2: Ball Wild Pitch! Don Hauk scores Randy Bergman to third Gilberto Victoria to second 2-2: Foul Ball, location: 2F 2-2: Ball 3-2: Foul Ball, location: 2F 3-2: Ground out 6-3 (Groundball, 6, EV 86.9 MPH) Randy Bergman scores
|
|
Batting: RHB Pete Hutton
|
0-0: Ball 1-0: Ball 2-0: Swinging Strike 2-1: Swinging Strike 2-2: Strikes out swinging
|
| Bottom of the 3rd over - 5 runs, 4 hits, 0 errors, 1 left on base; Billings 12 - Bristol 5 |
| TOP OF THE 4TH |
|
Billings Mustangs batting - Pitching for Bristol Pirates : RHP Alain Marquet
|
|
Batting: LHB Armando Arellano
|
0-0: Ball 1-0: Ball 2-0: Called Strike 2-1: DOUBLE (Line Drive, 8RXD, EV 102.5 MPH)
|
|
Batting: SHB Gustavo Froio
|
0-0: Called Strike 0-1: Ground out 1-3 (Groundball, 34S, EV 70.6 MPH) Armando Arellano to third
|
|
Batting: LHB Jeremy Robertson
|
0-0: Called Strike 0-1: Swinging Strike 0-2: Strikes out looking
|
|
Batting: SHB David Garnica
|
0-0: Called Strike 0-1: Ball 1-1: Fly out, F5 (Popup, 56, EV 62.5 MPH)
|
| Top of the 4th over - 0 runs, 1 hit, 0 errors, 1 left on base; Billings 12 - Bristol 5 |
| BOTTOM OF THE 4TH |
|
Bristol Pirates batting - Pitching for Billings Mustangs : RHP Markus Bevan
|
|
Batting: RHB Frank Elizondo
|
0-0: Ball 1-0: Called Strike 1-1: Ball 2-1: Swinging Strike 2-2: Ball 3-2: Ground out 1-3 (Groundball, 15S, EV 66.2 MPH)
|
|
Batting: RHB Rob Colley
|
0-0: Called Strike 0-1: Foul Ball, location: 2F 0-2: Ball 1-2: DOUBLE (Groundball, 5L, EV 97.5 MPH)
|
|
Batting: RHB Andrew DeRicco
|
0-0: Foul Ball, location: 2F 0-1: Ball 1-1: Ball 2-1: Foul Ball, location: 2F 2-2: Ball 3-2: SINGLE (Line Drive, 56D, EV 104.4 MPH) Rob Colley to third
|
|
Pitching: LHP Jason St. Clair
|
|
|
Batting: SHB Don Hauk
|
0-0: Foul Ball, location: 2F 0-1: Reached on error, E5 (Groundball, 56, EV 87.5 MPH) Rob Colley scores Andrew DeRicco to second
|
|
Batting: LHB Randy Boone
|
0-0: Swinging Strike 0-1: Ball 1-1: Ball 2-1: Foul Ball, location: 2F 2-2: 3-RUN HOME RUN (Flyball, 9LD, EV 94.4 MPH), Distance : 340 ft
|
|
Batting: RHB Randy Bergman
|
0-0: Called Strike 0-1: Ball 1-1: Called Strike 1-2: Strikes out swinging
|
|
Batting: RHB Gilberto Victoria
|
0-0: Called Strike 0-1: Ball 1-1: SINGLE (Groundball, 56D, EV 101.2 MPH)
|
|
Batting: SHB Ronnie Brooks
|
0-0: Called Strike 0-1: Called Strike 0-2: Ball 1-2: Ball 2-2: Ball 3-2: Foul Ball, location: 2F 3-2: Strikes out swinging
|
| Bottom of the 4th over - 4 runs, 4 hits, 1 error, 1 left on base; Billings 12 - Bristol 9 |
| TOP OF THE 5TH |
|
Billings Mustangs batting - Pitching for Bristol Pirates : RHP Alain Marquet
|
|
Batting: RHB Jake Savell
|
0-0: Ball 1-0: Ground out 5-3 (Groundball, 56S, EV 88.8 MPH)
|
|
Batting: RHB Andy Bachman
|
0-0: Ball 1-0: Swinging Strike 1-1: Ball 2-1: SOLO HOME RUN (Flyball, 78XD, EV 98.8 MPH), Distance : 399 ft
|
|
Batting: RHB Sang-ton Pak
|
0-0: Called Strike 0-1: Ball 1-1: SOLO HOME RUN (Flyball, 9D, EV 97.5 MPH), Distance : 350 ft
|
|
Batting: LHB Brian Dickeson
|
0-0: Ball 1-0: Ball 2-0: Ball 3-0: Base on Balls
|
|
Batting: RHB Yutaka Sato
|
0-0: 2-RUN HOME RUN (Line Drive, 9D, EV 93.8 MPH), Distance : 348 ft
|
|
Batting: LHB Armando Arellano
|
0-0: SINGLE (Flyball, 4D, EV 89.4 MPH)
|
|
Batting: SHB Gustavo Froio
|
0-0: Swinging Strike 0-1: Foul Ball, location: 2F 0-2: SINGLE (Flyball, 89S, EV 88.8 MPH) Armando Arellano to second
|
|
Batting: LHB Jeremy Robertson
|
0-0: Ball 1-0: Ball 2-0: Ball 3-0: Called Strike 3-1: Base on Balls Armando Arellano to third Gustavo Froio to second
|
|
Batting: SHB David Garnica
|
0-0: Ball 1-0: Foul Ball, location: 2F 1-1: Swinging Strike 1-2: Ball Wild Pitch! Armando Arellano scores Gustavo Froio to third Jeremy Robertson to second 2-2: Strikes out looking
|
|
Batting: RHB Jake Savell
|
0-0: Foul Ball, location: 2F 0-1: Ball 1-1: Swinging Strike 1-2: Ball 2-2: 3-RUN HOME RUN (Flyball, 78XD, EV 96.9 MPH), Distance : 406 ft
|
|
Pitching: RHP Erik Mulligan
|
|
|
Batting: RHB Andy Bachman
|
0-0: Ball 1-0: Ball 2-0: Ball 3-0: Called Strike 3-1: Base on Balls
|
|
Batting: RHB Sang-ton Pak
|
0-0: Ball 1-0: Ball 2-0: Foul Ball, location: 2F 2-1: Foul Ball, location: 2F 2-2: Strikes out swinging
|
| Top of the 5th over - 8 runs, 6 hits, 0 errors, 1 left on base; Billings 20 - Bristol 9 |
| BOTTOM OF THE 5TH |
|
Bristol Pirates batting - Pitching for Billings Mustangs : LHP Jason St. Clair
|
|
Batting: RHB Pete Hutton
|
0-0: Foul Ball, location: 2F 0-1: Ball 1-1: Swinging Strike 1-2: Foul Ball, location: 2F 1-2: Strikes out looking
|
|
Batting: RHB Frank Elizondo
|
0-0: Ground out 4-3 (Groundball, 4, EV 83.8 MPH)
|
|
Batting: RHB Rob Colley
|
0-0: SINGLE (Groundball, 56D, EV 98.1 MPH)
|
|
Batting: RHB Andrew DeRicco
|
0-0: Ball 1-0: Ball 2-0: Foul Ball, location: 2F 2-1: SINGLE (Line Drive, 78M, EV 91.2 MPH) Rob Colley to second
|
|
Batting: SHB Don Hauk
|
0-0: Ball 1-0: Ball 2-0: Ball 3-0: Base on Balls Rob Colley to third Andrew DeRicco to second
|
|
Batting: LHB Randy Boone
|
0-0: Ball 1-0: Fly out, F5 (Popup, 25, EV 96.2 MPH)
|
| Bottom of the 5th over - 0 runs, 2 hits, 0 errors, 3 left on base; Billings 20 - Bristol 9 |
| TOP OF THE 6TH |
|
Billings Mustangs batting - Pitching for Bristol Pirates : RHP Erik Mulligan
|
|
Batting: LHB Brian Dickeson
|
0-0: Called Strike 0-1: Foul Ball, location: 2F 0-2: Fly out, F3 (Popup, 3SF, EV 68.1 MPH)
|
|
Batting: RHB Yutaka Sato
|
0-0: Called Strike 0-1: Ball 1-1: Ball 2-1: Ball 3-1: Base on Balls
|
|
Pitching: LHP Alfredo Carranza
|
|
|
Batting: LHB Armando Arellano
|
0-0: Ball 1-0: Called Strike 1-1: Ball 2-1: SINGLE (Line Drive, 3D, EV 98.8 MPH) Yutaka Sato to second Runner from 2nd tries for 3rd, SAFE, throw by RF made to third
|
|
Batting: SHB Gustavo Froio
|
0-0: Called Strike 0-1: Ball 1-1: Ball 2-1: Ball 3-1: Fly out, F9 (Flyball, 9, EV 95.0 MPH) Throwing error, E9 Yutaka Sato scores Armando Arellano to second
|
|
Batting: LHB Jeremy Robertson
|
0-0: Ball 1-0: Ball 2-0: Called Strike 2-1: Ground out 4-3 (Groundball, 4, EV 85.6 MPH)
|
| Top of the 6th over - 1 run, 1 hit, 1 error, 1 left on base; Billings 21 - Bristol 9 |
| BOTTOM OF THE 6TH |
|
Bristol Pirates batting - Pitching for Billings Mustangs : LHP Jason St. Clair
|
|
Batting: RHB Randy Bergman
|
0-0: Ball 1-0: Called Strike 1-1: SINGLE (Groundball, 6D, EV 105.0 MPH)
|
|
Batting: RHB Gilberto Victoria
|
0-0: Ball 1-0: Ball 2-0: Ball 3-0: Base on Balls Randy Bergman to second
|
|
Batting: SHB Ronnie Brooks
|
0-0: Called Strike 0-1: Swinging Strike 0-2: Ball 1-2: Foul Ball, location: 2F 1-2: Foul Ball, location: 2F 1-2: Foul Ball, location: 2F 1-2: Strikes out swinging
|
|
Batting: RHB Pete Hutton
|
0-0: Ball 1-0: Foul Ball, location: 2F 1-1: Foul Ball, location: 2F 1-2: Foul Ball, location: 2F 1-2: Strikes out swinging
|
|
Batting: RHB Frank Elizondo
|
0-0: Called Strike 0-1: Swinging Strike 0-2: Strikes out swinging
|
| Bottom of the 6th over - 0 runs, 1 hit, 0 errors, 2 left on base; Billings 21 - Bristol 9 |
| TOP OF THE 7TH |
|
Billings Mustangs batting - Pitching for Bristol Pirates : LHP Alfredo Carranza
|
|
Batting: SHB David Garnica
|
0-0: Called Strike 0-1: Called Strike 0-2: Strikes out swinging
|
|
Batting: RHB Jake Savell
|
0-0: Called Strike 0-1: Foul Ball, location: 2F 0-2: Ball 1-2: Foul Ball, location: 2F 1-2: Foul Ball, location: 2F 1-2: Ball 2-2: Strikes out swinging
|
|
Pitching: RHP Otok Barleyfoot
|
|
|
Batting: RHB Andy Bachman
|
0-0: Ball 1-0: Ball 2-0: Ball 3-0: Base on Balls
|
|
Batting: RHB Sang-ton Pak
|
0-0: Foul Ball, location: 2F 0-1: Ball 1-1: Foul Ball, location: 2F 1-2: Ball 2-2: Foul Ball, location: 2F 2-2: Foul Ball, location: 2F 2-2: Ball 3-2: Base on Balls Andy Bachman to second
|
|
Batting: LHB Brian Dickeson
|
0-0: Called Strike 0-1: Ground out 4-3 (Groundball, 4, EV 87.5 MPH)
|
| Top of the 7th over - 0 runs, 0 hits, 0 errors, 2 left on base; Billings 21 - Bristol 9 |
| BOTTOM OF THE 7TH |
|
Bristol Pirates batting - Pitching for Billings Mustangs : LHP Jason St. Clair
|
|
Batting: RHB Rob Colley
|
0-0: Ball 1-0: Fly out, F6 (Line Drive, 6M, EV 86.2 MPH)
|
|
Batting: RHB Andrew DeRicco
|
0-0: Ball 1-0: Ball 2-0: Hit by Pitch
|
|
Batting: SHB Don Hauk
|
0-0: Ball 1-0: Foul Ball, location: 2F 1-1: Foul Ball, location: 2F 1-2: Strikes out looking
|
|
Batting: LHB Randy Boone
|
0-0: Ball 1-0: Ball 2-0: Fly out, F5 (Line Drive, 56, EV 66.2 MPH)
|
| Bottom of the 7th over - 0 runs, 0 hits, 0 errors, 1 left on base; Billings 21 - Bristol 9 |
| TOP OF THE 8TH |
|
Billings Mustangs batting - Pitching for Bristol Pirates : RHP Otok Barleyfoot
|
|
Pinch Hitting: RHB Mario Gomez
|
0-0: Called Strike 0-1: Foul Ball, location: 2F 0-2: Foul Ball, location: 2F 0-2: Ball 1-2: Reached on error, E5 (Groundball, 56S, EV 90.0 MPH)
|
|
Pitching: RHP Randy Nelligan
|
|
|
Batting: LHB Armando Arellano
|
0-0: Called Strike 0-1: Ball 1-1: Called Strike 1-2: Foul Ball, location: 2F 1-2: Fielders Choice at 2nd, 5-4 (Groundball, 56, EV 108.1 MPH)
|
|
Batting: SHB Gustavo Froio
|
0-0: Ball 1-0: Ball 2-0: Ball 3-0: Called Strike 3-1: Base on Balls Armando Arellano to second
|
|
Batting: LHB Jeremy Robertson
|
0-0: Ball 1-0: Foul Ball, location: 2F 1-1: Called Strike 1-2: Ball 2-2: Ball 3-2: Base on Balls Armando Arellano to third Gustavo Froio to second
|
|
Batting: SHB David Garnica
|
0-0: Ball 1-0: Called Strike 1-1: Ball 2-1: Ball 3-1: Base on Balls Armando Arellano scores Gustavo Froio to third Jeremy Robertson to second
|
|
Pitching: RHP Jerry Spitler
|
|
|
Batting: RHB Jake Savell
|
0-0: Ball 1-0: Ball 2-0: Ball 3-0: Called Strike 3-1: Base on Balls Gustavo Froio scores Jeremy Robertson to third David Garnica to second
|
|
Batting: RHB Andy Bachman
|
0-0: Foul Ball, location: 2F 0-1: Ball 1-1: Ball 2-1: Swinging Strike 2-2: Strikes out swinging
|
|
Batting: RHB Sang-ton Pak
|
0-0: Called Strike 0-1: Ball 1-1: SINGLE (Groundball, 6MD, EV 97.5 MPH) Jeremy Robertson scores David Garnica to third Jake Savell to second Runner from 3rd tries for Home, SAFE, throw by CF to home
|
|
Batting: LHB Brian Dickeson
|
0-0: Ball 1-0: SINGLE (Groundball, 34D, EV 99.4 MPH) Jake Savell to third Sang-ton Pak to second Throwing error, E9 Jake Savell scores Sang-ton Pak to third Brian Dickeson to second
|
|
Batting: RHB Mario Gomez
|
0-0: Ball 1-0: Foul Ball, location: 2F 1-1: Ball 2-1: Swinging Strike 2-2: Strikes out swinging
|
| Top of the 8th over - 5 runs, 2 hits, 2 errors, 2 left on base; Billings 26 - Bristol 9 |
| BOTTOM OF THE 8TH |
|
Bristol Pirates batting - Pitching for Billings Mustangs : LHP Jason St. Clair
|
|
Now at SS: Mario Gomez
|
|
|
Batting: RHB Randy Bergman
|
0-0: Called Strike 0-1: Ball 1-1: Ball 2-1: Ball 3-1: Fly out, F8 (Flyball, 8RS, EV 85.6 MPH)
|
|
Batting: RHB Gilberto Victoria
|
0-0: Ball 1-0: Ball 2-0: Foul Ball, location: 2F 2-1: SOLO HOME RUN (Flyball, 7LD, EV 94.4 MPH), Distance : 342 ft
|
|
Batting: SHB Ronnie Brooks
|
0-0: Ball 1-0: Ball 2-0: SINGLE (Groundball, 6MD, EV 99.4 MPH)
|
|
Batting: RHB Pete Hutton
|
0-0: Ball 1-0: Fielders Choice at 2nd, 3-6 (Groundball, 34, EV 85.6 MPH)
|
|
Batting: RHB Frank Elizondo
|
0-0: Called Strike 0-1: Ball 1-1: Foul Ball, location: 2F 1-2: Strikes out swinging
|
| Bottom of the 8th over - 1 run, 2 hits, 0 errors, 1 left on base; Billings 26 - Bristol 10 |
| TOP OF THE 9TH |
|
Billings Mustangs batting - Pitching for Bristol Pirates : RHP Jerry Spitler
|
|
Batting: LHB Armando Arellano
|
0-0: Ball 1-0: Ball 2-0: Ball 3-0: Base on Balls
|
|
Batting: SHB Gustavo Froio
|
0-0: Ball 1-0: Ball 2-0: Swinging Strike 2-1: Ball 3-1: Base on Balls Armando Arellano to second
|
|
Batting: LHB Jeremy Robertson
|
0-0: Called Strike 0-1: DOUBLE (Flyball, 78XD, EV 109.4 MPH) Armando Arellano scores Gustavo Froio to third
|
|
Batting: SHB David Garnica
|
0-0: Ball Wild Pitch! Gustavo Froio scores Jeremy Robertson to third 1-0: Called Strike 1-1: Foul Ball, location: 2F 1-2: Ball 2-2: Ball 3-2: Foul Ball, location: 2F 3-2: Base on Balls
|
|
Batting: RHB Jake Savell
|
0-0: Ball 1-0: Foul Ball, location: 2F 1-1: Swinging Strike 1-2: Ball 2-2: Ball 3-2: Strikes out looking
|
|
Batting: RHB Andy Bachman
|
0-0: 3-RUN HOME RUN (Flyball, 8RXD, EV 115.0 MPH), Distance : 440 ft
|
|
Batting: RHB Sang-ton Pak
|
0-0: SINGLE (Line Drive, 5L, EV 98.1 MPH)
|
|
Batting: LHB Brian Dickeson
|
0-0: Called Strike 0-1: Foul Ball, location: 2F 0-2: Ball 1-2: Foul Ball, location: 2F 1-2: SINGLE (Flyball, 34D, EV 92.5 MPH) Sang-ton Pak to second
|
|
Batting: RHB Mario Gomez
|
0-0: 3-RUN HOME RUN (Flyball, 89XD, EV 103.8 MPH), Distance : 404 ft
|
|
Batting: LHB Armando Arellano
|
0-0: Ground out 4-3 (Groundball, 4, EV 89.4 MPH)
|
|
Batting: SHB Gustavo Froio
|
0-0: Ball 1-0: Swinging Strike 1-1: Ball 2-1: Foul Ball, location: 2F 2-2: Foul Ball, location: 2F 2-2: Ball 3-2: Base on Balls
|
|
Batting: LHB Jeremy Robertson
|
0-0: Ball 1-0: Swinging Strike 1-1: Ball 2-1: Ball 3-1: Called Strike 3-2: Foul Ball, location: 2F 3-2: Base on Balls Gustavo Froio to second
|
|
Batting: SHB David Garnica
|
0-0: TRIPLE (Flyball, 78XD, EV 97.5 MPH) Gustavo Froio scores Jeremy Robertson scores
|
|
Batting: RHB Jake Savell
|
0-0: SINGLE (Flyball, 8RM, EV 95.6 MPH) David Garnica scores
|
|
Batting: RHB Andy Bachman
|
0-0: Ball 1-0: Ground out U3 (Groundball, 13, EV 85.6 MPH)
|
| Top of the 9th over - 11 runs, 7 hits, 0 errors, 1 left on base; Billings 37 - Bristol 10 |
| BOTTOM OF THE 9TH |
|
Bristol Pirates batting - Pitching for Billings Mustangs : LHP Jason St. Clair
|
|
Batting: RHB Rob Colley
|
0-0: Ball 1-0: Swinging Strike 1-1: Ball 2-1: Ball 3-1: Foul Ball, location: 2F 3-2: Base on Balls
|
|
Batting: RHB Andrew DeRicco
|
0-0: Ball 1-0: Foul Ball, location: 2F 1-1: Foul Ball, location: 2F 1-2: Fly out, F8 (Flyball, 78M, EV 84.4 MPH)
|
|
Pitching: RHP Taneo Kobayashi
|
|
|
Batting: SHB Don Hauk
|
0-0: Ball 1-0: Called Strike 1-1: Called Strike 1-2: Strikes out swinging
|
|
Batting: LHB Randy Boone
|
0-0: Ball 1-0: Foul Ball, location: 2F 1-1: Foul Ball, location: 2F 1-2: Ball 2-2: Strikes out looking
|
| Bottom of the 9th over - 0 runs, 0 hits, 0 errors, 1 left on base; Billings 37 - Bristol 10 |
|